 Dungeon Crawl Stone Soup version 0.28-a0-1518-gbe868bca14 (webtiles) character file.

Game seed: 17299561294449945600

28 knot the Chopper (level 3, 26/29 HPs)
             Began as a Demonspawn Berserker on Jan 17, 2022.
             Was a Follower of Trog.
             Quit the game on level 2 of the Dungeon.
             The game lasted 00:00:42 (1019 turns).

knot the Chopper (Demonspawn Berserker)             Turns: 1019, Time: 00:00:42

Health: 26/29      AC:  6    Str: 17    XL:     3   Next: 0%
Magic:  3/3        EV: 11    Int: 10    God:    Trog [*.....]
Gold:   45         SH:  0    Dex: 12    Spells: 2/2 levels left

rFire   + . .      SeeInvis .   a - +0 hand axe
rCold   . . .      Faith    .   (no shield)
rNeg    . . .      Spirit   .   c - +0 ring mail
rPois   .          Reflect  .   b - +0 helmet
rElec   .          Harm     .   (no cloak)
rCorr   .          Rampage  .   (no gloves)
Will    .....                   (no boots)
Stlth   +.........              (no amulet)
HPRegen 0.09/turn               f - ring of protection from fire
MPRegen 0.16/turn               (no ring)

@: no status effects
A: spiny 1, magic regeneration
a: Renounce Religion, Berserk


You were on level 2 of the Dungeon.
You worshipped Trog.
Trog was aware of your devotion.
You visited 1 branch of the dungeon, and saw 2 of its levels.

You collected 45 gold pieces.

Inventory:

Hand Weapons
 a - a +0 hand axe (weapon)
Missiles
 d - 30 stones (quivered)
Armour
 b - a +0 helmet (worn)
 c - a +0 ring mail (worn)
Jewellery
 f - a ring of protection from fire (left hand)
Scrolls
 e - 2 scrolls of noise {unknown}


   Skills:
 - Level 3.0 Fighting
 + Level 3.8 Axes
 - Level 1.7 Armour
 - Level 1.7 Dodging


You had 2 spell levels left.
You didn't know any spells.
Your spell library was empty.

Dungeon Overview and Level Annotations

Branches:
Dungeon (2/15)

Altars:


Innate Abilities, Weirdness & Mutations

You are partially covered in sharp spines.
You regenerate magic rapidly.


Message History

Found a robe and an encrusted silver wand.
There is a stone staircase leading up here.
A dart slug comes into view.
A dart slug is nearby!
A hobgoblin comes into view.
The hobgoblin shouts!
There are monsters nearby!
A giant cockroach comes into view.
Found a pair of boots.
The dart slug barely misses you.
You hit the dart slug but do no damage. The dart slug barely misses you.
A rat comes into view.
The hobgoblin hits you but does no damage.
You hit the dart slug.
The dart slug is moderately wounded.
You hit the hobgoblin. The hobgoblin closely misses you.
You barely miss the hobgoblin.
The hobgoblin is heavily wounded.
You hit the dart slug but do no damage. The dart slug barely misses you.
The hobgoblin hits you.
The giant cockroach bites you but does no damage.
You hit the hobgoblin.
You kill the hobgoblin!
Trog accepts your kill.
You hit the dart slug. You closely miss the giant cockroach.
The giant cockroach barely misses you. The dart slug misses you.
You slash the dart slug!
You kill the dart slug!
Trog accepts your kill.
You hit the giant cockroach.
The giant cockroach bites you but does no damage.
You slash the giant cockroach!
You kill the giant cockroach!
Trog accepts your kill.
You have reached level 3!
Your experience leads to an increase in your attributes!
Increase (S)trength, (I)ntelligence, or (D)exterity?
You feel clever. x2; Your demonic ancestry asserts itself...
Sharp spines emerge from parts of your body.
Are you sure you want to abandon this character and quit the game? (Confirm with "yes".)

..# .. ..# ...
..##... .......
....... ##.......
# #r.....#
#.########@†....#
..................
#..../.#......##
#......#......#
..#......#......#
.......<.#[.....#
.##......#......#
#...[..#......#
#......########


You could see a rat.

Vanquished Creatures
  A dart slug (D:2)
  A bat (D:1)
  5 endoplasms (D:1)
  2 giant cockroaches
  3 goblins (D:1)
  A hobgoblin (D:2)
  4 kobolds (D:1)
  3 ball pythons (D:1)
  2 rats (D:1)
22 creatures vanquished.

Notes
Turn   | Place    | Note
-------+----------+-------------------------------------------
     0 | D:1      | knot the Demonspawn Berserker began the quest for the Orb.
     0 | D:1      | Reached XP level 1. HP: 18/18 MP: 1/1
   330 | D:1      | Gained mutation: You regenerate magic rapidly. [demonic
                  | ancestry]
   330 | D:1      | Reached XP level 2. HP: 7/24 MP: 2/2
  1019 | D:2      | Gained mutation: You are partially covered in sharp spines.
                  | [demonic ancestry]
  1019 | D:2      | Reached XP level 3. HP: 26/29 MP: 3/3
  1019 | D:2      | Quit the game

Illustrated notes

Levels and vault maps discovered:
D:1:      dpeg_arrival_tiny_a, layout_basic
D:2:      layout_basic, basic_altar

Skill      XL: |  1 |
---------------+----+-----
Axes           | 3 |  3.8
Fighting       | |  3.0
Armour         | |  1.7
Dodging        | |  1.7

Action                   || total
-------------------------++-------
Melee: Hand axe          ||    43
Armor: Ring mail         ||     9
Dodge: Dodged            ||    24

Table legend: (Time is in decaauts)
 A = Elapsed time spent in this place.
 B = Non-inter-level travel time spent in this place.
 C = Inter-level travel time spent in this place.
 D = Time resting spent in this place.
 E = Time spent auto-exploring this place.
 F = Levels seen in this place.
 G = Mean time per level.
                   A        B        C        D        E       F      G
               +--------+--------+--------+--------+--------+-----+--------+
         Total |   1024 |   1005 |     19 |    201 |    662 |   2 |  512.0 |
       Dungeon |   1024 |   1005 |     19 |    201 |    662 |   2 |  512.0 |
               +--------+--------+--------+--------+--------+-----+--------+

Top non-repeatable levels by time:
     D:1: 1011 daAuts
     D:2: 12 daAuts
